 Dungeon Crawl Stone Soup version 0.27.1-33-g824d729ab1 (webtiles) character file.

Game seed: 17085374883921204830

112 Descartes the Sneak (level 4, 0/23 HPs)
             Began as a Spriggan Wanderer on Dec 7, 2021.
             Slain by Purgy the polar bear (6 damage)
             ... on level 3 of the Dungeon on Dec 9, 2021.
             The game lasted 00:06:29 (2947 turns).

Descartes the Sneak (Spriggan Wanderer)             Turns: 2947, Time: 00:06:29

Health: 0/23       AC:  6    Str: 16    XL:     4   Next: 64%
Magic:  8/8        EV: 16    Int: 12    God:
Gold:   81         SH:  0    Dex: 14    Spells: 6/7 levels left

rFire    . . .     SeeInvis +   a - +0 mace
rCold    . . .     Faith    .   (shield restricted)
rNeg     . . .     Spirit   .   c - +0 robe
rPois    .         Reflect  .   (helmet restricted)
rElec    .         Harm     .   (no cloak)
rCorr    .         Rampage  .   (gloves unavailable)
Will     .....                  (boots unavailable)
Stlth    ++........             (no amulet)
HPRegen  0.07/turn              i - +6 ring of strength
MPRegen  0.11/turn              o - +4 ring of protection

@: very quick
A: very small, no large weapons, unfitting armour, see invisible, speed 3
a: no special abilities


You were on level 3 of the Dungeon.
You visited 1 branch of the dungeon, and saw 3 of its levels.

You collected 81 gold pieces.

Inventory:

Hand Weapons
 a - a +0 mace (weapon)
 b - a +0 hunting sling
Missiles
 d - 70 stones
 k - 18 poisoned darts
 l - 11 sling bullets
Armour
 c - a +0 robe (worn)
Jewellery
 h - a ring of fire
 i - a +6 ring of strength (left hand)
 n - a ring of protection from fire
 o - a +4 ring of protection (right hand)
Wands
 m - a wand of polymorph (5)
 r - a wand of paralysis (7)
Scrolls
 f - 4 scrolls of identify {unknown}
 g - a scroll of teleportation
 q - a scroll of noise {unknown}
Potions
 e - a potion of might {unknown}
 j - a potion of haste {unknown}
 p - a potion of attraction {unknown}


   Skills:
 + Level 2.8 Fighting
 + Level 1.8 Maces & Flails
 + Level 1.3 Slings
 + Level 0.1 Armour
 + Level 1.8 Dodging
 + Level 2.9 Stealth
 - Level 2.0 Spellcasting
 + Level 1.0 Conjurations
 - Level 2.0 Poison Magic
 + Level 2.3 Evocations


You had 6 spell levels left.
You knew the following spells:

 Your Spells              Type           Power      Damage    Failure   Level
a - Magic Dart            Conj           12%        1d3       19%         1

Your spell library contained the following spells:

 Spells                   Type           Power      Damage    Failure   Level
 Blink                    Tloc           N/A        N/A       38%         2
 Call Imp                 Summ           1%         N/A       38%         2
 Slow                     Hex            1%         N/A       38%         2
 Mephitic Cloud           Conj/Pois/Air  3%         N/A       47%         3
 Conjure Flame            Conj/Fire      2%         6-21      54%         3


Dungeon Overview and Level Annotations

Branches:
Dungeon (3/15)

Altars:
Elyvilon
Sif Muna

Annotations:
D:3 Purgy


Innate Abilities, Weirdness & Mutations

You are very small and have problems with some larger weapons.
You are too small for most types of armour.
You have supernaturally acute eyesight. (SInv)
You cover ground extremely quickly. (Speed+++)


Message History

Aim: Purgy the polar bear (will become a meliai, a golden eye, or a wind drake, chance to affect: 52%)
Okay, then.
Aiming: Polymorph
Press: ? - help, Shift-Dir - straight line, f/p - Purgy
Aim: Purgy the polar bear (will become a meliai, a golden eye, or a wind drake, chance to affect: 52%)
Okay, then.
Aiming: Paralyse
Press: ? - help, Shift-Dir - straight line, f/p - Purgy
Aim: Purgy the polar bear (chance to affect: 52%) Purgy suddenly stops moving!
You are too injured to fight recklessly!
Purgy fails to defend itself.
You hit Purgy.
Purgy is lightly wounded.
Purgy fails to defend itself.
You hit Purgy but do no damage.
Purgy is lightly wounded.
Purgy fails to defend itself.
You hit Purgy.
Purgy is lightly wounded.
Purgy fails to defend itself.
You hit Purgy.
Purgy is lightly wounded.
Purgy fails to defend itself.
You hit Purgy.
Purgy is moderately wounded.
Purgy fails to defend itself.
You hit Purgy.
Purgy is moderately wounded.
Purgy fails to defend itself.
You sock Purgy!
Purgy is heavily wounded.
Purgy fails to defend itself.
You hit Purgy but do no damage.
Purgy is heavily wounded.
Purgy fails to defend itself.
You hit Purgy but do no damage.
Purgy is heavily wounded.
Purgy is no longer paralysed.
Purgy bites you but does no damage. Purgy claws you but does no damage.
Purgy barely misses you.
You completely miss Purgy.
Purgy is heavily wounded.
Purgy bites you!
* * * LOW HITPOINT WARNING * * *
Purgy closely misses you. Purgy misses you.
You hit Purgy but do no damage.
Purgy is heavily wounded.
Purgy bites you.
You die...

#.....# #.#
#.....# #.#
. ........
#.#
.#.#....##
#.#
#...........
#.#
#.#..#######
#.# #.#..
...... #h#
#.#.# ######
#@# #.#.#
#.# #.#
#.#.#####.#
#.#
#.#.......#
#.#
#.......#.#
#.#
#.#.###.#.#
#.#####.#.#
#.#.##
#.......#.#
#.#...
#########.#
#.#### #.#
#....†


You could see Purgy the polar bear.

Vanquished Creatures
  An iguana (D:3)
  Robin (D:2)
  An adder (D:2)
  A worm (D:3)
  3 dart slugs
  2 orcs
  3 ball pythons
  4 endoplasms (D:1)
  3 giant cockroaches
  10 goblins
  10 hobgoblins
  3 kobolds
  6 bats
  A frilled lizard (D:1)
  3 rats
52 creatures vanquished.

Notes
Turn   | Place    | Note
-------+----------+-------------------------------------------
     0 | D:1      | Descartes the Spriggan Wanderer began the quest for the
                  | Orb.
     0 | D:1      | Descartes set off with the following items: a +0 mace, a
                  | scroll of teleportation, a +0 robe; and the following spell
                  | memorised: Magic Dart; and the following spells available
                  | to memorise: Blink, Call Imp, Slow, Mephitic Cloud, Conjure
                  | Flame
     0 | D:1      | Reached XP level 1. HP: 11/11 MP: 3/3
   230 | D:1      | Reached XP level 2. HP: 16/16 MP: 3/5
   498 | D:1      | Reached skill level 1 in Dodging
   641 | D:1      | Found a faded altar of an unknown god.
  1094 | D:2      | Reached XP level 3. HP: 19/19 MP: 6/6
  1114 | D:2      | Noticed Robin
  1493 | D:2      | Found a white marble altar of Elyvilon.
  1797 | D:2      | Killed Robin
  1798 | D:2      | Reached skill level 1 in Slings
  1876 | D:2      | Reached XP level 4. HP: 23/23 MP: 8/8
  2146 | D:2      | HP: 1/23 [goblin/stone[Robin] (3)]
  2704 | D:3      | Reached skill level 1 in Conjurations
  2813 | D:3      | Found a shimmering blue altar of Sif Muna.
  2921 | D:3      | Noticed Purgy
  2932 | D:3      | Noticed Purgy
  2932 | D:3      | Purgy changed into Purgy the polar bear
  2947 | D:3      | Slain by Purgy the polar bear

Illustrated notes

Levels and vault maps discovered:
D:1:      minmay_arrival_hallway, layout_loops_cross,
          shapermc_ecumenical_altar_hornbeckon
D:2:      layout_basic, basic_altar, uniq_robin
D:3:      layout_basic, lemuel_doored_altar, uniq_purgy

Skill      XL: |  1  2  3  4 |
---------------+-------------+-----
Stealth        | 2 |  2.9
Dodging        | 1 |  1.8
Evocations     | 2 |  2.3
Slings         | 1 |  1.3
Spellcasting   | 2 |  2.0
Conjurations   | 1 |  1.0
Fighting       | |  2.8
Maces & Flails | |  1.8
Armour         | |  0.1
Poison Magic   | |  2.0

Action                   |  1- 3 |  4- 6 || total
-------------------------+-------+-------++-------
Melee: Mace              |   113 |    75 ||   188
Evoke: Wand              |       |     2 ||     2
 Stab: Sleeping          |     3 |     3 ||     6
       Distracted        |     1 |     1 ||     2
       Paralysed         |       |     9 ||     9
Armor: Robe              |    31 |    17 ||    48
Dodge: Dodged            |   108 |    66 ||   174
